 Dungeon Crawl Stone Soup version 0.28.0-45-g0d030f2227 (webtiles) character file.

Game seed: 10956052751785964263

105 nickcage the Firebug (level 4, -1/33 HPs)
             Began as a Draconian Fire Elementalist on Apr 4, 2022.
             Killed by divine providence
             ... invoked by an orc priest
              (14 damage)
             ... on level 3 of the Dungeon.
             The game lasted 00:05:57 (2777 turns).

nickcage the Firebug (Draconian Fire Elementalist)  Turns: 2777, Time: 00:05:58

Health: -1/33      AC:  5    Str: 11    XL:     4   Next: 54%
Magic:  4/7        EV: 12    Int: 17    God:
Gold:   128        SH:  0    Dex: 11    Spells: 4/7 levels left

rFire   . . .      SeeInvis .   g - +2 dagger (venom)
rCold   . . .      Faith    .   (no shield)
rNeg    . . .      Spirit   .   (armour unavailable)
rPois   .          Reflect  .   (helmet restricted)
rElec   .          Harm     .   (no cloak)
rCorr   .          Rampage  .   (no gloves)
Will    .....                   (no boots)
Stlth   ++........              (no amulet)
HPRegen 0.11/turn               (no ring)
MPRegen 0.10/turn               (no ring)

@: no status effects
A: AC +5, unfitting armour, cold-blooded
a: no special abilities


You were on level 3 of the Dungeon.
You visited 1 branch of the dungeon, and saw 3 of its levels.

You collected 128 gold pieces.

Inventory:

Hand Weapons
 a - a +0 dagger
 b - a +3 dagger of distortion
 g - a +2 dagger of venom (weapon)
Scrolls
 e - a scroll of silence {unknown}
 h - a scroll of immolation {unknown}
 k - a scroll of amnesia {unknown}
Potions
 c - a potion of attraction {unknown}
 d - a potion of magic {unknown}
 f - 3 potions of curing {unknown}
 i - a potion of haste {unknown}
 j - 2 potions of degeneration {unknown}
 l - a potion of brilliance {unknown}


   Skills:
 - Level 1.0 Short Blades
 - Level 1.7 Dodging
 - Level 1.7 Stealth
 - Level 2.0 Spellcasting
 - Level 1.0 Conjurations
 + Level 5.2 Fire Magic


You had 4 spell levels left.
You knew the following spells:

 Your Spells              Type           Power      Damage    Failure   Level
a - Foxfire               Conj/Fire      48%        2x1d6     5%          1
b - Scorch                Fire           38%        2d6       3%          2

Your spell library contained the following spells:

 Spells                   Type           Power      Damage    Failure   Level
 Conjure Flame            Conj/Fire      12%        6-21      16%         3
 Inner Flame              Hex/Fire       10%        N/A       21%         3
 Flame Wave               Conj/Fire      12%        2d6       47%         4
 Summon Guardian Golem    Hex/Summ       1%         N/A       50%         3
 Orb of Destruction       Conj           2%         9d5       100%        7
 Spellforged Servitor     Conj/Summ      1%         N/A       100%        7


Dungeon Overview and Level Annotations

Branches:
Dungeon (3/15)

Altars:

Shops:
D:2 (


Innate Abilities, Weirdness & Mutations

Your plain brown scales are hard. (AC +5)
You cannot fit into any form of body armour.
You are cold-blooded and may be slowed by cold attacks.


Message History

A rat comes into view.
A rat is nearby!
A hobgoblin comes into view.
The hobgoblin shouts!
You hear a shout!
An orc comes into view. It is wielding a +0 hand axe.
Flames lash the rat.
You kill the rat!
You hear a shout! x2
Flames lash the hobgoblin.
You kill the hobgoblin!
An orc comes into view. It is wielding a +0 flail.
The orc moves out of view.
A quokka comes into view.
An orc comes into view. It is wielding a +0 hand axe.
Flames lash the orc.
The orc is almost dead.
The orc's fire resistance burns away.
You closely miss the orc.
The orc is almost dead.
The orc closely misses you.
An orc priest comes into view. It is wielding a +0 whip.
You hit the orc.
You kill the orc!
You closely miss the orc. You barely miss the orc.
The orc hits you with a +0 flail. The orc hits you with a +0 hand axe.
The orc priest mumbles some strange prayers to Beogh against you.
Beogh smites you!
You are too injured to fight recklessly!
Casting: Scorch (safe; 3% risk of failure)
Press: ? - help, Q - select action, (/) - cycle Dir - look around, f - activate Flames lash the orc.
You kill the orc!
The orc hits you with a +0 flail.
* * * LOW HITPOINT WARNING * * *
The orc priest begins to cast a cantrip, but forgets the words!
You see here a rat skeleton.
The orc priest mumbles some strange prayers to Beogh against you.
Beogh smites you!
You die...

#............##### #.##
######.###.#..........# #...
.......# #...#..#.###.# #.##
##.##.#####.##..#.# #.##### #.##
#.##...........#.# #.....#######
#(##.####........# #######J. #
#.##.###..#####..# #.lh ##
#.....#...# #..# .S##.
##.........# #@.#### ###.
##.##..#...# #.....##### ###..
##.##......#####o.##.....####....
##.###.##.........######.#...[...
##.##.#.#.###.###.######.'......#
##.#.###..# #.# #.o...####....###
....## ##.# #.# #####o# ######
####.###.## #.# #.# ##.#.## #.#
#.# #####


You could see an orc priest and an orc.

Vanquished Creatures
  Jessica (D:2)
  2 adders
  4 dart slugs
  2 orcs (D:3)
  4 bats
  2 endoplasms
  5 goblins
  8 hobgoblins
  3 jackals (D:1)
  5 kobolds
  3 quokkas
  2 ball pythons
  3 frilled lizards (D:1)
  4 rats
48 creatures vanquished.

Vanquished Creatures (others)
  17 foxfires (D:1)
17 creatures vanquished.

Grand Total: 65 creatures vanquished

Notes
Turn   | Place    | Note
-------+----------+-------------------------------------------
     0 | D:1      | nickcage the Draconian Fire Elementalist began the quest
                  | for the Orb.
     0 | D:1      | Reached XP level 1. HP: 14/14 MP: 3/3
   242 | D:1      | Reached XP level 2. HP: 5/20 MP: 1/5
   571 | D:1      | Learned a level 2 spell: Scorch
   753 | D:1      | Found a faded altar of an unknown god.
   922 | D:1      | Reached skill level 4 in Fire Magic
  1102 | D:1      | Reached XP level 3. HP: 26/26 MP: 3/6
  1513 | D:2      | Noticed Jessica
  1523 | D:2      | Killed Jessica
  1637 | D:2      | Reached XP level 4. HP: 33/33 MP: 4/7
  1874 | D:2      | Reached skill level 1 in Short Blades
  2104 | D:2      | Found Pafiol's Antique Weapon Boutique.
  2128 | D:3      | Reached skill level 5 in Fire Magic
  2777 | D:3      | Killed from afar by an orc priest

Illustrated notes

Levels and vault maps discovered:
D:1:      dpeg_arrival_pits, layout_basic, ebering_ecumenical_altar_hall
D:2:      layout_loops_ring, serial_shops, nicolae_lakefront_shop, uniq_jessica
D:3:      layout_loops_ring, minmay_misc_feat_four_crosses,
          lightli_corner_chamber

Skill      XL: |  1  2  3  4 |
---------------+-------------+-----
Fire Magic     | 4 5 |  5.2
Short Blades   | 1 |  1.0
Dodging        | |  1.7
Stealth        | |  1.7
Spellcasting   | |  2.0
Conjurations   | |  1.0

Action                   |  1- 3 |  4- 6 || total
-------------------------+-------+-------++-------
Melee: Dagger            |    26 |     8 ||    34
       Tailslap          |     3 |     1 ||     4
 Cast: Foxfire           |    11 |       ||    11
       Scorch            |    20 |    18 ||    38
Armor: Skin              |    10 |       ||    10
Dodge: Dodged            |    19 |     4 ||    23
